 Dungeon Crawl Stone Soup version 0.23.2-30-g0e89c35649 (webtiles) character file.

Game seed: 10467642737794267198

102 Honti the Grave Robber (level 4, 24/24 HPs)
             Began as a Deep Elf Necromancer on June 5, 2019.
             Quit the game on level 2 of the Dungeon on June 7, 2019.
             The game lasted 00:10:58 (3015 turns).

Honti the Grave Robber (Deep Elf Necromancer)       Turns: 3015, Time: 00:10:59

Health: 24/24      AC:  3    Str:  5    XL:     4   Next: 49%
Magic:  12/12      EV: 14    Int: 21    God:
Gold:   157        SH:  0    Dex: 15    Spells: 2/11 levels left

rFire    . . .     SeeInvis .   e - +0 dagger
rCold    . . .     Gourm    .   (no shield)
rNeg     . . .     Faith    .   a - +0 robe
rPois    .         Spirit   .   k - +0 helmet
rElec    .         Reflect  .   (no cloak)
rCorr    .         Harm     .   (no gloves)
MR       .....                  (no boots)
Stlth    +++.......             (no amulet)
HPRegen  0.08/turn              n - ring of stealth
MPRegen  0.13/turn              (no ring)

@: no status effects
A: no striking features
a: no special abilities


You were on level 2 of the Dungeon.
You were not hungry.

You visited 1 branch of the dungeon, and saw 2 of its levels.

You collected 157 gold pieces.

Inventory:

Hand Weapons
 e - a +0 dagger (weapon)
Missiles
 b - 2 needles of sleeping
 d - 55 stones (quivered)
Armour
 a - a +0 robe (worn)
 k - a +0 helmet (worn)
Jewellery
 n - a ring of stealth (left hand)
Scrolls
 g - a scroll of identify
 h - a scroll of fog {unknown}
 j - a scroll of teleportation {unknown}
 l - a scroll of blinking
 p - 3 scrolls of fear {unknown}
Potions
 f - a potion of lignification {unknown}
 i - a potion of degeneration {unknown}
 m - a potion of curing {unknown}
 o - a potion of mutation {unknown}
 q - a potion of agility {unknown}
Comestibles
 c - 4 rations
 r - 3 chunks of flesh


   Skills:
 + Level 3.5 Dodging
 - Level 2.4 Stealth
 + Level 4.0 Spellcasting
 * Level 6.1 Necromancy


You had 2 spell levels left.
You knew the following spells:

 Your Spells              Type           Power        Failure   Level  Hunger
a - Pain                  Necr           ####         1%          1    None
b - Animate Skeleton      Necr           N/A          1%          1    None
c - Animate Dead          Necr           N/A          10%         4    ####...
d - Regeneration          Chrm/Necr      ###.......   10%         3    ###....

Your spell library contained the following spells:

 Spells                   Type           Power        Failure   Level  Hunger
 Vampiric Draining        Necr           ####......   2%          3    ###....


Dungeon Overview and Level Annotations

Branches:
Dungeon (2/15)

Altars:
Makhleb
Nemelex Xobeh


Message History

Aiming: Pain (safe; 1% risk of failure)
Press: ? - help, Shift-Dir - straight line, f/p - adder
Aim: an adder (severely wounded, chance to defeat MR: 89%)
The adder writhes in agony!
You kill the adder!
You see here an adder corpse.
You butcher the adder corpse.
r - 4 chunks of flesh (gained 2)
You see here an adder skeleton.
You start resting.
Magic restored.
You start resting.
Some of the chunks of flesh in your inventory have rotted away.
HP restored.
Save game and exit?
Welcome back, Honti the Deep Elf Necromancer.
Press ? for a list of commands and other information.
Quiver which item? (- for none, * to show all) (? for menu, Esc to quit)
Okay, then.
Are you sure you want to abandon this character and quit the game? (Confirm with "yes".)

######## ###.### #.# #......#
#.....# #..
######.###..###.....###÷.
#...##.###......._.......
#..........####.....####.
#...##.##### #.....# #.
##.###.# ###.### #. #.#
#.###### #.# #. #.#
#..@÷..#####.# ##. #.#
#########'##.# ##Z. #.#
##.....# #... #.### ##.....##
##.. ##.#.## ##.......## #..
####.#...####.........####Z.
##...........+.........'.....
#.........####.........####..
#..##.##.## ##.......## #..


There were no monsters in sight!

Vanquished Creatures
  3 gnolls (D:2)
  2 adders (D:2)
  An ooze (D:1)
  3 worms (D:2)
  3 leopard geckos
  4 giant cockroaches
  3 goblins
  3 hobgoblins
  7 kobolds
  4 bats
  3 frilled lizards (D:1)
  5 rats
41 creatures vanquished.

Vanquished Creatures (collateral kills)
  A goblin (D:1)
  A rat (D:2)
2 creatures vanquished.

Grand Total: 43 creatures vanquished

Notes
Turn   | Place    | Note
-------+----------+-------------------------------------------
     0 | D:1      | Honti the Deep Elf Necromancer began the quest for the Orb.
     0 | D:1      | Reached XP level 1. HP: 10/10 MP: 6/6
   223 | D:1      | Reached skill level 5 in Necromancy
   393 | D:1      | Reached XP level 2. HP: 15/15 MP: 6/8
   612 | D:1      | Learned a level 1 spell: Animate Skeleton
  1332 | D:2      | Reached XP level 3. HP: 17/19 MP: 6/10
  1797 | D:2      | Reached XP level 4. HP: 23/24 MP: 8/11
  2072 | D:2      | Found a sparkling altar of Nemelex Xobeh.
  2313 | D:2      | Found a burning altar of Makhleb.
  2328 | D:2      | Reached skill level 6 in Necromancy
  2432 | D:2      | Learned a level 4 spell: Animate Dead
  2436 | D:2      | Learned a level 3 spell: Regeneration
  3015 | D:2      | Upgraded the game from 0.23.2-11-gf996548c65 to
                  | 0.23.2-30-g0e89c35649
  3015 | D:2      | Quit the game

Skill      XL: |  1  2  3  4 |
---------------+-------------+-----
Necromancy     | 5 6 |  6.1
Dodging        | 3 |  3.5
Spellcasting   | 4 |  4.0
Stealth        | |  2.4

Action                   |  1- 3 |  4- 6 || total
-------------------------+-------+-------++-------
Melee: Dagger            |    12 |    45 ||    57
 Cast: Pain              |    44 |    24 ||    68
       Animate Skeleton  |     8 |     3 ||    11
       Animate Dead      |       |     1 ||     1
  Use: Scroll            |       |     2 ||     2
 Stab: Sleeping          |       |     4 ||     4
  Eat: Chunk             |     2 |     4 ||     6
Armor: Robe              |     2 |    14 ||    16
Dodge: Dodged            |    16 |    39 ||    55
